Map: Emerald City LE

Players

Sprutz

  • Race: Zerg Zerg
  • Spawn Location: 11:00

SoeR

  • Race: Zerg Zerg
  • Spawn Location: 11:00

Massa - Winner!

  • Race: Terran Terran
  • League: Gold
  • Spawn Location: 5:00

qqq - Winner!

  • Race: Protoss Protoss
  • Spawn Location: 5:00

VOD

Have the link to the VOD?

Description

Time

  • Played on: June 24, 2020, 1:30 p.m.
  • Length: 9:34
Show
View Real Time Build Order
Export as new Build Order

Sprutz Zerg 

Build Orders: Hatch First 

Get SALT Encoding   

  12  0:01  Drone  
  13  0:08  Drone  
  14  0:17  Overlord  
  14  0:22  Extractor  
  14  0:23  Drone  
  15  0:35  Drone x2  
  17  0:45  Drone  
  18  1:03  Hatchery, Extractor  
  16  1:19  Spawning Pool, Overlord  
  16  1:22  Drone  
  16  1:26  Drone  
  16  1:32  Drone  
  18  1:49  Drone  
  19  2:05  Queen  
  21  2:10  Zergling x4  
  23  2:16  Queen  
  23  2:19  Zergling x4  
  27  2:24  Zergling x2  
  28  2:30  Spine Crawler  
  26  2:40  Drone  
  23  3:10  Hatchery  
  22  3:16  Metabolic Boost  
  22  3:17  Spine Crawler, Zergling x4  
  22  3:18  Zergling x6  
  26  3:33  Roach Warren  
  25  3:34  Drone  
  24  3:54  Spore Crawler  
  23  4:08  Overlord x2  
  22  4:10  Drone  
  22  4:11  Drone x2, Extractor  
  24  4:37  Roach x2  
  24  4:38  Roach  
  30  4:39  Roach  
  30  4:43  Drone  
  33  4:54  Spine Crawler  
  30  5:09  Roach x3  
  30  5:12  Roach  
  38  5:14  Ravager  
  38  5:17  Ravager  
  38  5:18  Ravager  
  41  5:23  Drone  
  39  5:38  Ravager  
  34  6:04  Lair  
  34  6:05  Drone  
  34  6:06  Drone x2  
  34  6:07  Drone x2  
  34  6:08  Drone  
Show
View Real Time Build Order
Export as new Build Order

SoeR Zerg 

Build Orders: Hatch First 

Get SALT Encoding   

  12  0:01  Drone  
  13  0:15  Drone  
  14  0:25  Overlord  
  14  0:27  Extractor, Drone  
  15  0:43  Drone x2  
  15  0:47  Drone  
  18  1:08  Hatchery  
  17  1:14  Drone x2  
  19  1:24  Spawning Pool  
  18  1:26  Extractor  
  17  1:34  Drone x2  
  19  1:43  Overlord  
  19  1:59  Drone  
  20  2:10  Queen  
  20  2:14  Zergling x2  
  23  2:20  Queen  
  25  2:47  Extractor  
  24  2:59  Lair  
  22  3:18  Spore Crawler  
  21  3:27  Hatchery  
  20  3:41  Spine Crawler  
  19  3:49  Roach Warren  
  18  3:58  Overseer  
  18  4:10  Queen  
  20  4:38  Roach  
  22  4:42  Overlord  
  22  4:43  Overlord x2  
  22  4:46  Overseer  
  22  4:54  Glial Reconstitution  
  22  4:56  Nydus Network  
  21  5:04  Roach x4  
  29  5:19  Spore Crawler  
  28  5:30  Drone x2  
  28  5:34  Ravager x2  
  32  6:01  Roach x2  
  36  6:17  Spore Crawler  
  35  6:20  Drone x2  
  35  6:21  Drone  
  38  6:38  Nydus Canal  
  38  7:00  Roach x5  
  38  7:01  Roach x2  
  49  8:01  Ravager x2  
  51  8:07  Hydralisk Den  
  51  8:08  Hatchery  
  51  8:11  Ravager  
  45  8:41  Overlord x2  
  45  8:42  Overlord x2  
  45  8:46  Hatchery  
  41  9:21  Drone x2  
Show
View Real Time Build Order
Export as new Build Order

Massa Terran - Winner!

Build Orders: 2 Factory 

Get SALT Encoding   

  12  0:07  SCV  
  13  0:19  SCV, Supply Depot  
  14  0:31  SCV  
  15  0:42  Barracks  
  15  0:43  SCV  
  16  0:50  Refinery  
  16  0:55  SCV  
  16  0:56  Refinery  
  17  1:08  SCV  
  18  1:20  SCV  
  19  1:32  SCV, Supply Depot  
  20  1:42  Factory  
  20  1:44  SCV  
  21  1:55  Marine  
  22  2:02  Factory  
  22  2:08  Orbital Command  
  22  2:13  Marine  
  23  2:30  Widow Mine  
  23  2:31  Marine  
  26  2:46  Command Center  
  26  2:50  Widow Mine  
  28  2:51  Widow Mine  
  28  2:52  SCV  
  30  3:01  Marine  
  31  3:19  Supply Depot  
  31  3:40  Widow Mine, Marine  
  34  3:41  Supply Depot  
  34  3:49  Widow Mine  
  36  4:02  Widow Mine  
  38  4:04  Supply Depot  
  38  4:10  SCV x2  
  38  4:11  Widow Mine  
  40  4:22  SCV x2  
  40  4:23  Widow Mine  
  40  4:32  Widow Mine  
  40  4:34  SCV x2  
  44  4:45  Widow Mine  
  45  5:26  SCV x2  
  45  5:28  Factory Tech Lab  
  47  5:29  Factory Reactor  
  47  5:34  Refinery  
  47  5:35  Refinery, Barracks Tech Lab  
  47  5:38  SCV, Barracks  
  47  5:40  Orbital Command  
  48  5:48  Barracks  
  45  6:35  Marauder  
  45  6:39  Barracks Reactor  
  48  6:41  Barracks Reactor  
  48  6:43  Stimpack  
  47  6:53  Barracks  
  47  6:57  Marauder  
  49  7:05  Widow Mine x3  
  54  7:08  Command Center  
  52  7:17  Command Center  
  52  7:18  Marauder  
  54  7:26  Widow Mine x3  
  60  7:40  Marauder  
  62  7:44  Marine  
  62  7:45  Marine x3  
  60  8:01  Marauder  
  60  8:02  Marine  
  60  8:03  Marine x3  
  66  8:11  Barracks  
  66  8:14  SCV  
  66  8:15  SCV  
  66  8:20  Marine x4  
  66  8:22  Marauder  
  66  8:26  SCV  
  73  8:27  SCV  
  73  8:28  Armory  
  73  8:31  Engineering Bay  
  74  8:35  Engineering Bay  
  74  8:38  SCV, Armory, Marine x4  
  74  8:39  SCV  
  80  8:42  Orbital Command  
  80  8:44  Marauder  
  82  8:50  SCV  
  82  8:51  SCV  
  84  8:58  SCV  
  85  9:03  SCV x2  
  85  9:05  Marauder  
  89  9:10  SCV  
  89  9:15  SCV x2  
  92  9:22  SCV  
Show
View Real Time Build Order
Export as new Build Order

qqq Protoss - Winner!

Build Orders:  

Get SALT Encoding   

  12  0:01  Probe  
  13  0:13  Probe  
  14  0:19  Pylon  
  14  0:32  Probe  
  15  0:38  Forge  
  15  0:46  Probe  
  16  0:58  Probe  
  17  1:10  Pylon  
  17  1:14  Pylon  
  17  1:24  Probe  
  18  1:36  Probe  
  19  1:41  Gateway  
  19  1:51  Photon Cannon  
  19  1:59  Probe  
  20  2:07  Assimilator  
  20  2:12  Photon Cannon  
  20  2:16  Photon Cannon  
  20  2:19  Photon Cannon  
  20  2:36  Cybernetics Core  
  20  2:39  Probe  
  20  3:14  Nexus  
  20  3:22  Probe  
  20  3:23  Assimilator  
  21  3:34  Probe  
  22  3:44  Stargate  
  22  3:46  Probe  
  22  3:47  Pylon  
  23  3:58  Probe  
  24  4:20  Stargate  
  24  4:39  Void Ray  
  24  4:41  Probe  
  29  4:52  Photon Cannon  
  29  4:53  Probe  
  30  5:01  Probe  
  31  5:07  Void Ray  
  31  5:09  Probe  
  31  5:12  Zealot  
  38  5:18  Assimilator  
  38  5:19  Probe  
  39  5:21  Assimilator  
  39  5:31  Probe  
  40  5:37  Void Ray  
  44  5:43  Probe  
  45  5:51  Probe  
  46  5:58  Void Ray  
  46  5:59  Probe  
  51  6:10  Probe  
  52  6:20  Void Ray  
  52  6:22  Probe  
  57  6:34  Probe  
  58  6:41  Void Ray  
  58  6:46  Probe  
  61  6:56  Nexus  
  61  6:58  Probe  
  58  7:10  Probe  
  59  7:22  Probe  
  55  7:31  Pylon  
  55  7:34  Probe, Pylon  
  56  7:38  Pylon  
  56  7:39  Pylon  
  56  7:46  Probe  
  56  7:48  Fleet Beacon  
  56  7:50  Pylon  
  56  7:58  Probe  
  56  8:00  Photon Cannon  
  56  8:03  Photon Cannon  
  57  8:11  Probe, Void Ray  
  62  8:14  Probe  
  63  8:23  Probe  
  63  8:26  Probe  
  65  8:35  Probe  
  66  8:59  Probe  
  66  9:00  Probe  
  79  9:12  Probe  
Tags
 
Add a new tag
Caveats
  • Supply blocks, unpowered buildings, or Contaminate may cause inaccurate times.
  • Supply counts are checked every 10 seconds.